 Dungeon Crawl Stone Soup version 0.27-a0-463-gec7707c53d (webtiles) character file.

Game seed: 3247762585778119174

146 pokeman the Magician (level 5, 0/29 HPs)
             Began as a Deep Elf Hedge Wizard on Feb 28, 2021.
             Was an Initiate of Vehumet.
             Slain by a bullfrog skeleton (2 damage)
             ... on level 4 of the Dungeon.
             The game lasted 00:06:17 (4069 turns).

pokeman the Magician (Deep Elf Hedge Wizard)        Turns: 4069, Time: 00:06:17

Health: 0/29       AC:  3    Str:  7    XL:     5   Next: 7%
Magic:  9/15       EV: 16    Int: 20    God:    Vehumet [......]
Gold:   138        SH:  0    Dex: 14    Spells: 5/16 levels left

rFire    . . .     SeeInvis .   a - +0 dagger
rCold    . . .     Faith    .   (no shield)
rNeg     . . .     Spirit   .   k - +0 leather armour
rPois    .         Reflect  .   c - +0 hat
rElec    .         Harm     .   (no cloak)
rCorr    .         Rampage  .   (no gloves)
Will     .....                  (no boots)
Stlth    ++........             (no amulet)
HPRegen  0.09/turn              e - +4 ring of evasion
MPRegen  0.14/turn              l - ring of flight

@: no status effects
A: no striking features
a: Renounce Religion, Evoke Flight


You were on level 4 of the Dungeon.
You worshipped Vehumet.
Vehumet was noncommittal.
You visited 1 branch of the dungeon, and saw 4 of its levels.

You collected 138 gold pieces.

Inventory:

Hand Weapons
 a - a +0 dagger (weapon)
Missiles
 n - 49 arrows
 o - 53 bolts
Armour
 c - a +0 hat (worn)
 k - a +0 leather armour (worn)
 w - a +0 kite shield
Jewellery
 e - a +4 ring of evasion (left hand)
 l - a ring of flight (right hand)
Wands
 v - a wand of flame (22)
Scrolls
 b - a scroll of immolation {unknown}
 g - 2 scrolls of enchant armour {unknown}
 h - 2 scrolls of random uselessness {unknown}
 i - 2 scrolls of identify {unknown}
 s - 2 scrolls of teleportation {unknown}
Potions
 d - a potion of curing {unknown}
 f - 2 potions of invisibility
 j - 2 potions of haste {unknown}
 m - 2 potions of cancellation {unknown}
 p - a potion of resistance {unknown}
 q - a potion of degeneration {unknown}
 r - a potion of brilliance {unknown}
 t - a potion of mutation {unknown}
 u - a potion of flight {unknown}


   Skills:
 - Level 1.0 Fighting
 - Level 1.1 Armour
 + Level 2.9 Dodging
 - Level 2.4 Stealth
 * Level 6.0 Spellcasting
 + Level 2.5 Conjurations
 - Level 1.1 Summonings
 - Level 1.1 Translocations
 - Level 1.0 Fire Magic
 + Level 0.3 Air Magic


You had 5 spell levels left.
You knew the following spells:

 Your Spells              Type           Power        Failure   Level
a - Magic Dart            Conj           64%          5%          1
b - Mephitic Cloud        Conj/Pois/Air  9%           30%         3
c - Call Imp              Summ           10%          14%         2
d - Blink                 Tloc           N/A          14%         2
e - Conjure Flame         Conj/Fire      13%          22%         3

Your spell library contained the following spells:

 Spells                   Type           Power        Failure   Level
 Slow                     Hex            6%           22%         2


Dungeon Overview and Level Annotations

Branches:
Dungeon (4/15)
 Temple: D:4-7

Altars:
Ashenzari
Elyvilon
Gozag
Hepliaklqana
Vehumet
Yredelemnul
Zin

Annotations:
D:4 Dowan, Duvessa


Message History

Press: ? - help, Shift-Dir - straight line, f - orc wizard
Aim: an orc wizard, wielding a +0 dagger and wearing a +0 robe (chance to affect: 86%)
You miscast Mephitic Cloud.
You are very lightly contaminated with residual magic.
Nothing appears to happen.
Casting: Mephitic Cloud (extremely dangerous; 32% risk of failure)
Confirm with . or Enter, or press ? or * to list all spells.
The spell is extremely dangerous to cast (32% risk of failure)!
Continue anyway?
Aiming: Mephitic Cloud (extremely dangerous; 32% risk of failure)
Press: ? - help, Shift-Dir - straight line, f/p - orc wizard
Aim: an orc wizard, wielding a +0 dagger and wearing a +0 robe (chance to affect: 86%) That beam is likely to hit you.
Continue anyway?
The ball explodes into a vile cloud!
The stinking cloud engulfs the orc wizard but does no damage.
The stinking cloud engulfs you but does no damage.
You are engulfed in noxious fumes.
You choke on the stench!
You are confused.
* * * LOW HITPOINT WARNING * * *
You hear a shout! x7; You hear an angry hiss.
The orc wizard is engulfed in noxious fumes.
The orc wizard appears confused.
Unknown command.
A bullfrog skeleton comes into view.
The orc wizard is engulfed in noxious fumes.
The orc wizard appears confused.
Something hits the worker ant!
You feel less confused.
The worker ant is engulfed in noxious fumes.
The worker ant appears confused.
The bullfrog skeleton hits you.
* * * LOW HITPOINT WARNING * * *
The bullfrog skeleton hits you.
* * * LOW HITPOINT WARNING * * *
The bullfrog skeleton misses you. Vehumet accepts your kill.
You feel a bit more experienced.
Your magical contamination has completely faded away.
You have reached level 5!
The bullfrog skeleton barely misses you.
The bullfrog skeleton hits you.
You die...

. ##..##...........### #
##.B########..#####
##..## #### ##..## ...##
..## ### ..#
####.######## ..##
#####............
...#####.......Z@.......
B.........####......###.
...######## ########
.### ##


You could see a bullfrog skeleton.

Vanquished Creatures
  A hound (D:2)
  2 worker ants
  2 adders
  An ooze (D:2)
  A dart slug (D:1)
  3 leopard geckos
  An orc (D:4)
  8 bats
  2 giant cockroaches (D:1)
  7 goblins
  6 hobgoblins
  A quokka (D:2)
  2 ball pythons
  4 frilled lizards (D:2)
  8 kobolds
  A quokka skeleton (D:4)
  11 rats
61 creatures vanquished.

Notes
Turn   | Place    | Note
-------+----------+-------------------------------------------
     0 | D:1      | pokeman the Deep Elf Hedge Wizard began the quest for the
                  | Orb.
     0 | D:1      | Reached XP level 1. HP: 10/10 MP: 7/7
   345 | D:1      | Reached XP level 2. HP: 16/16 MP: 7/9
   867 | D:1      | Reached skill level 5 in Spellcasting
  1188 | D:1      | Reached XP level 3. HP: 20/20 MP: 5/11
  1192 | D:1      | Learned a level 3 spell: Mephitic Cloud
  1195 | D:1      | Learned a level 2 spell: Call Imp
  1198 | D:1      | Learned a level 2 spell: Blink
  1287 | D:1      | Learned a level 3 spell: Conjure Flame
  1657 | D:2      | Reached skill level 1 in Fighting
  1657 | D:2      | Reached skill level 1 in Armour
  1880 | D:2      | Found a basalt altar of Yredelemnul.
  1939 | D:2      | Found a white marble altar of Elyvilon.
  2013 | D:2      | Reached XP level 4. HP: 25/25 MP: 7/13
  2164 | D:2      | Found an opulent altar of Gozag.
  2226 | D:2      | Found a glowing silver altar of Zin.
  2242 | D:2      | Found a broken altar of Ashenzari.
  2634 | D:2      | Found a hazy altar of Hepliaklqana.
  2890 | D:3      | Reached skill level 1 in Fire Magic
  3724 | D:4      | Noticed Duvessa
  3724 | D:4      | Noticed Dowan
  3725 | D:4      | Noticed a black bear
  3832 | D:4      | Found a radiant altar of Vehumet.
  3841 | D:4      | Became a worshipper of Vehumet
  4043 | D:4      | Reached skill level 6 in Spellcasting
  4062 | D:4      | HP: 1/25 [bullfrog skeleton (3)]
  4066 | D:4      | Reached XP level 5. HP: 2/29 MP: 8/15
  4069 | D:4      | Slain by a bullfrog skeleton

Illustrated notes

Levels and vault maps discovered:
D:1:      matt_arrival_debris, layout_basic
D:2:      layout_rooms, kennysheep_ying_yang, nicolae_overflow_quartered_altars
D:3:      layout_basic
D:4:      layout_layer_cave, vehumet_altar_wand_db,
          minmay_temple_entry_proselytizer, nicolae_ossuary_entry_catacombs,
          uniq_grinder, uniq_robin, uniq_duvessa

Skill      XL: |  1  2  3  4 |
---------------+-------------+-----
Spellcasting   | 5 6 |  6.0
Fighting       | 1 |  1.0
Armour         | 1 |  1.1
Conjurations   | 2 |  2.5
Fire Magic     | 1 |  1.0
Dodging        | |  2.9
Stealth        | |  2.4
Summonings     | |  1.1
Translocations | |  1.1
Air Magic      | |  0.3

Action                   |  1- 3 |  4- 6 || total
-------------------------+-------+-------++-------
Melee: Dagger            |     6 |     7 ||    13
 Cast: Magic Dart        |    88 |    47 ||   135
       Mephitic Cloud    |       |     4 ||     4
 Stab: Sleeping          |     1 |       ||     1
       Confused          |       |     3 ||     3
Armor: Leather armour    |     1 |     2 ||     3
Dodge: Dodged            |    11 |    13 ||    24

Table legend: (Time is in decaauts)
 A = Elapsed time spent in this place.
 B = Non-inter-level travel time spent in this place.
 C = Inter-level travel time spent in this place.
 D = Time resting spent in this place.
 E = Time spent auto-exploring this place.
 F = Levels seen in this place.
 G = Mean time per level.
                   A        B        C        D        E       F      G
               +--------+--------+--------+--------+--------+-----+--------+
         Total |   4071 |   3822 |    249 |      6 |   3383 |   4 | 1017.8 |
       Dungeon |   4071 |   3822 |    249 |      6 |   3383 |   4 | 1017.8 |
               +--------+--------+--------+--------+--------+-----+--------+

Top non-repeatable levels by time:
     D:1: 1497 daAuts
     D:2: 1241 daAuts
     D:3: 1183 daAuts
     D:4: 148 daAuts
